 Dungeon Crawl Stone Soup version 0.22-a0-443-g17c3723 (webtiles) character file.

3688 Gorglomux the Fighter (level 10, 0/65 HPs)
             Began as a Gargoyle Berserker on June 1, 2018.
             Was a Priest of Trog.
             Slain by a cyclops (22 damage)
             ... on level 9 of the Dungeon.
             The game lasted 00:04:31 (5929 turns).

Gorglomux the Fighter (Gargoyle Berserker)          Turns: 5929, Time: 00:04:32

Health: 0/65       AC: 15    Str: 24    XL:     10   Next: 13%
Magic:  10/10      EV:  9    Int: 10    God:    Trog [***...]
Gold:   112        SH: 10    Dex:  9    Spells: 9/9 levels left

rFire    . . .     SeeInvis +   X - +0 war axe
rCold    . . .     Gourm    .   N - +0 shield
rNeg     + + .     Faith    .   e - +0 ring mail (curse)
rPois    ∞         Spirit   .   (no helmet)
rElec    +         Reflect  .   (no cloak)
rCorr    .         Harm     .   h - +0 pair of gloves
MR       .....                  (no boots)
Stlth    ..........             T - amulet "Hanoud" {RegenMP Int+2}
HPRegen  0.20/turn              s - ring of see invisible
MPRegen  0.37/turn              Y - ring of positive energy

@: no status effects
A: negative energy resistance 1, electricity resistance, unbreathing,
petrification resistance, rot immunity, AC +7
a: Berserk, Trog's Hand, Renounce Religion


You were on level 9 of the Dungeon.
You worshipped Trog.
Trog was most pleased with you.
You were not hungry.

You visited 1 branch of the dungeon, and saw 9 of its levels.

You collected 345 gold pieces.
You spent 233 gold pieces at shops.

Inventory:

Hand Weapons
 H - a +3 scimitar of flaming
 X - a +0 war axe (weapon)
Armour
 e - a cursed +0 ring mail (worn)
 h - a +0 pair of gloves (worn)
 N - a +0 shield (worn)
 W - a +0 chain mail
Jewellery
 s - a ring of see invisible (left hand)
 T - the amulet "Hanoud" (around neck) {RegenMP Int+2}
   (You found it on level 6 of the Dungeon)

   [amulet of magic regeneration]

   It increases your magic regeneration.
   It affects your intelligence (+2).
 Y - a ring of positive energy (right hand)
Scrolls
 f - 3 scrolls of teleportation {unknown}
 l - a scroll of remove curse {unknown}
 m - a scroll of amnesia {unknown}
 I - 2 scrolls of fog {unknown}
 J - a scroll of noise {unknown}
 L - a scroll of blinking {unknown}
 M - 4 scrolls of magic mapping
 P - 2 scrolls of enchant armour {unknown}
 R - 13 scrolls of identify
 S - a scroll of immolation {unknown}
 V - a scroll of enchant weapon {unknown}
Potions
 i - 2 potions of flight
 j - a potion of degeneration {unknown}
 o - a potion of invisibility {unknown}
 K - a potion of berserk rage {unknown}
 Q - a potion of curing
 U - a potion of brilliance {unknown}
 Z - a potion of lignification {unknown}
Comestibles
 c - 9 rations
 O - 3 chunks of flesh


   Skills:
 + Level 8.8 Fighting
 + Level 8.5 Axes
 + Level 8.3 Armour
 - Level 1.5 Dodging
 + Level 4.5 Shields


You had 9 spell levels left.
You didn't know any spells.
Your spell library was empty.

Dungeon Overview and Level Annotations

Branches:
Dungeon (9/15)
 Temple: D:4-7         Lair: D:8-11         Orc: D:9-12

Altars:
Dithmenos
Fedhas
Hepliaklqana
Kikubaaqudgha
Makhleb
Qazlal
Xom

Shops:
D:4 ?   D:5 [[(*!   D:7 :


Innate Abilities, Weirdness & Mutations

You are resistant to torment.
Your stone body is resilient. (AC +7)
You are immune to poison.
You resist negative energy. (rN+)
You are resistant to electric shocks. (rElec)
You can survive without breathing.
You are immune to petrification.
You are immune to rotting.


Message History

Unknown command!
You slice the cyclops but do no damage!
Unknown command!
You chop the butts into pieces!!!
The cyclops is lightly wounded!
You block the cyclops's attack!
You open the cyclops like a pillowcase!
The cyclops is lightly wounded!
The cyclops hits you!!!!!!
Unknown command!
Your butt prevents you from hitting the cyclops!
The cyclops is lightly wounded!
The cyclops hits you!!!!!!
You chop the cyclops but do no damage!
The cyclops is lightly wounded!
Unknown command!
You carve the cyclops like a ham!!!
The cyclops is moderately wounded!
The cyclops hits you!!!!!! rip

#.. ..# #..#####.#
#..#...#.#
###..#.#.#.#
.....#.#.#.#
#..#.#.#.#
#..<..)))###### #
#..####[).....##h#####
#.......).....@CS....#
#.#####.....?.###.####
#. ...........# ..
...........# ##
#####.......#
#.......# #.......#
#########


You could see a cyclops, a howler monkey and an adder.

Vanquished Creatures
  Erica (D:9)
  The ghost of Gorglomux the Covered, an amateur DDFi (D:3)
  Grinder (D:3)
  A wyvern (D:8)
  Menkaure (D:5)
  Edmund (D:4)
  Duvessa (D:4)
  An orc warrior (D:6)
  An ice beast (D:7)
  A phantom (D:7)
  3 sky beasts
  2 ogres (D:6)
  4 centaurs
  A bullfrog (D:7)
  Dowan (D:4)
  A scorpion (D:8)
  5 wights (D:9)
  A howler monkey (D:4)
  A crimson imp (D:5)
  3 jellies (D:7)
  6 hounds
  A bullfrog skeleton (D:7)
  An iguana (D:5)
  Natasha (twice) (D:4)
  2 orc wizards (D:4)
  A worker ant (D:5)
  A hound zombie (D:7)
  A hound skeleton (D:5)
  A howler monkey zombie (D:6)
  10 adders
  2 shadow imps
  An ooze (D:2)
  2 worms
  3 dart slugs
  3 leopard geckos
  15 orcs
  5 bats
  2 giant cockroaches
  4 goblins
  6 hobgoblins
  7 jackals
  2 kobolds
  A quokka (D:5)
  2 ball pythons (D:3)
  4 frilled lizards
  A leopard gecko skeleton (D:4)
  A quokka zombie (D:5)
  3 rats
  A plant (D:8)
123 creatures vanquished.

Vanquished Creatures (others)
  A sky beast (D:7)
1 creature vanquished.

Grand Total: 124 creatures vanquished

Notes
Turn   | Place    | Note
-------+----------+-------------------------------------------
     0 | D:1      | Gorglomux the Gargoyle Berserker began the quest for the Orb.
     0 | D:1      | Reached XP level 1. HP: 14/14 MP: 1/1
    27 | D:1      | Reached skill level 3 in Axes
   272 | D:1      | Reached XP level 2. HP: 19/19 MP: 2/2
   585 | D:2      | Reached XP level 3. HP: 23/23 MP: 3/3
   714 | D:2      | Reached XP level 4. HP: 28/28 MP: 4/4
   753 | D:2      | Reached ** piety under Trog
  1020 | D:2      | Found a burning altar of Makhleb.
  1029 | D:2      | Reached XP level 5. HP: 31/32 MP: 5/5
  1190 | D:3      | Noticed Grinder
  1190 | D:3      | Paralysed by Grinder for 5 turns
  1210 | D:3      | Killed Grinder
  1210 | D:3      | Reached skill level 3 in Armour
  1210 | D:3      | Reached XP level 6. HP: 38/38 MP: 6/6
  1221 | D:3      | Noticed Gorglomux's ghost (amateur DDFi)
  1261 | D:3      | Killed Gorglomux's ghost
  1261 | D:3      | Reached XP level 7. HP: 40/44 MP: 7/7
  1570 | D:4      | Reached skill level 6 in Axes
  1571 | D:4      | Found Xareidaulo's Magic Scroll Shop.
  1684 | D:4      | Bought a scroll of magic mapping for 49 gold pieces
  1684 | D:4      | Bought a scroll of magic mapping for 49 gold pieces
  1764 | D:4      | Noticed Duvessa
  1764 | D:4      | Noticed Dowan
  1772 | D:4      | Killed Duvessa
  1776 | D:4      | Killed Dowan
  1973 | D:4      | Noticed Edmund
  1975 | D:4      | Noticed Natasha
  1979 | D:4      | Killed Natasha
  1985 | D:4      | Killed Edmund
  1985 | D:4      | Reached XP level 8. HP: 51/51 MP: 8/8
  2007 | D:4      | Noticed Natasha
  2017 | D:4      | Killed Natasha
  2045 | D:4      | Found a shimmering altar of Xom.
  2143 | D:4      | Found a hazy altar of Hepliaklqana.
  2144 | D:4      | Noticed a spectral ugly thing
  2279 | D:4      | Reached skill level 6 in Fighting
  2401 | D:5      | Entered Level 5 of the Dungeon
  2474 | D:5      | Found Deeckos's Antique Armour Boutique.
  2481 | D:5      | Reached *** piety under Trog
  2559 | D:5      | Found Fucsoat's Distillery.
  2568 | D:5      | Bought a potion of heal wounds for 60 gold pieces
  2684 | D:5      | Found Wuj Ela's Antique Armour Boutique.
  2824 | D:5      | Found Jegurra's Antique Weapon Shop.
  2839 | D:5      | Noticed Menkaure
  2849 | D:5      | Killed Menkaure
  3088 | D:5      | Found Vaogut Kafu's Assorted Antiques.
  3091 | D:5      | Bought a scroll labeled ODUDOCRO TUTA for 26 gold pieces
  3091 | D:5      | Bought a scroll labeled OZUPTI DYTE for 26 gold pieces
  3091 | D:5      | Bought a bubbling cyan potion for 23 gold pieces
  3157 | D:5      | Found an ancient bone altar of Kikubaaqudgha.
  3158 | D:5      | Found a blossoming altar of Fedhas.
  3579 | D:6      | Reached skill level 6 in Armour
  3778 | D:6      | Found a shadowy altar of Dithmenos.
  3814 | D:6      | HP: 1/52 [ogre/giant spiked club (18)]
  4208 | D:6      | Got a vibrating copper amulet
  4454 | D:7      | Identified the amulet "Hanoud" {RegenMP Int+2} (You found it on level 6 of the Dungeon)
  4627 | D:7      | Reached XP level 9. HP: 50/57 MP: 9/9
  4686 | D:7      | Reached skill level 1 in Shields
  4925 | D:7      | Found Ehawkies's Book Emporium.
  4958 | D:7      | Found a stormy altar of Qazlal.
  5647 | D:8      | Reached skill level 3 in Shields
  5648 | D:8      | Found a blossoming altar of Fedhas.
  5775 | D:9      | Noticed Erica
  5792 | D:9      | Killed Erica
  5792 | D:9      | Reached XP level 10. HP: 58/65 MP: 10/10
  5920 | D:9      | Noticed a cyclops
  5929 | D:9      | Slain by a cyclops

Vault maps used:
D:1:      ncdulo_lavacross
D:2:      makhleb_blood_cavern_becter, marbit_many_paths, serial_curves,
          eino_curves_01, eino_curves_03, eino_curves_02, solitary_fountain,
          kennysheep_jessica_study
D:3:      overflow_temple_1_default, first_ration, uniq_grinder
D:4:      regret_index_temple_of_mockery, serial_shops, nicolae_shop_waterfront,
          nrook_uturn, eino_curves_01, uniq_natasha, uniq_edmund, uniq_duvessa
D:5:      grunt_temple_overflow_growth_and_decay, serial_shops, shop,
          shop_coins, nicolae_shop_trees, shop, shop_statue, uniq_menkaure
D:6:      minmay_temple_entry_nine_rooms, basic_altar
D:7:      nicolae_qazlal_eye_of_the_storm, serial_shops, kennysheep_mini_moat
D:8:      fedhas_altar_1
D:9:      vehumet_statue, lemuel_crystal_altar, gammafunk_temple_overflow_wave,
          uniq_erica, uniq_erolcha

Skill      XL: |  1  2  3  4  5  6  7  8  9 |
---------------+----------------------------+-----
Axes           | 3 4 5 6 7 8 |  8.5
Fighting       | 4 5 7 8 |  8.8
Armour         | 3 4 5 6 8 |  8.3
Shields        | 4 |  4.5
Dodging        | |  1.5

Action                   |  1- 3 |  4- 6 |  7- 9 | 10-12 || total
-------------------------+-------+-------+-------+-------++-------
Melee: Hand axe          |    70 |    84 |   170 |       ||   324
       War axe           |       |       |   194 |    12 ||   206
Invok: Berserk           |     2 |     2 |     8 |       ||    12
       Trog's Hand       |       |     1 |     1 |       ||     2
  Use: Scroll            |       |       |     1 |       ||     1
       Potion            |       |       |     1 |       ||     1
  Eat: Chunk             |       |     4 |    19 |     2 ||    25
       Ration            |       |       |     1 |       ||     1
Armor: Ring mail         |    43 |    39 |   187 |     2 ||   271
Dodge: Dodged            |    62 |    52 |   142 |     2 ||   258
Block: Shield            |       |       |   130 |     1 ||   131

Table legend:
 A = Spawn XP
 B = Non-spawn XP
 C = Spawn XP percentage of total XP
 D = Spawn monster count
 E = Non-spawn monster count
 F = Spawn count percentage of total count
 G = Total turns spent on level
                    A         B        C        D         E        F      G
               +---------+---------+-------+---------+---------+-------+---------
         Total |       0 |    5269 |   0.0 |       0 |     123 |   0.0 |  5929
               +---------+---------+-------+---------+---------+-------+---------
           D:1 |       0 |      32 |   0.0 |       0 |      16 |   0.0 |   583
           D:2 |       0 |     139 |   0.0 |       0 |      19 |   0.0 |   476
           D:3 |       0 |     618 |   0.0 |       0 |      10 |   0.0 |   482
           D:4 |       0 |     635 |   0.0 |       0 |      23 |   0.0 |   860
           D:5 |       0 |     316 |   0.0 |       0 |       8 |   0.0 |  1076
           D:6 |       0 |     473 |   0.0 |       0 |       9 |   0.0 |   923
           D:7 |       0 |    1176 |   0.0 |       0 |      17 |   0.0 |  1015
           D:8 |       0 |     688 |   0.0 |       0 |      15 |   0.0 |   353
           D:9 |       0 |    1192 |   0.0 |       0 |       6 |   0.0 |   161
               +---------+---------+-------+---------+---------+-------+---------
